 Dungeon Crawl Stone Soup version 0.30-a0-632-g346586fe48 (webtiles) character file.

Game seed: 1489109500394025818

90 bmack86 the Covered (level 4, -5/40 HPs)
             Began as a Minotaur Fighter on Jan 13, 2023.
             Slain by a gnoll
             ... wielding a +0 halberd
              (8 damage)
             ... on level 2 of the Dungeon.
             The game lasted 00:02:47 (933 turns).

bmack86 the Covered (Minotaur Fighter)               Turns: 933, Time: 00:02:47

Health: -5/40      AC:  7    Str: 22    XL:     4   Next: 32%
Magic:  3/3        EV:  9    Int:  5    God:
Gold:   76         SH:  4    Dex: 10    Spells: 3/3 levels left

rFire   . . .      SeeInvis .    a - +0 war axe
rCold   . . .      Faith    .    c - +0 buckler
rNeg    . . .      Spirit   .    b - +0 scale mail
rPois   .          Reflect  .    (helmet restricted)
rElec   .          Harm     .    (no cloak)
rCorr   .          Rampage  .    (no gloves)
Will    .....                    (no boots) Stlth
                                 (no amulet)
HPRegen 0.26/turn                (no ring)
MPRegen 0.08/turn                (no ring)

@: no status effects
A: horns 2, retaliatory headbutt
a: no special abilities


You were on level 2 of the Dungeon.
You visited 1 branch of the dungeon, and saw 2 of its levels.

You collected 76 gold pieces.

Inventory:

Hand Weapons
 a - a +0 war axe (weapon)
Armour
 b - a +0 scale mail (worn)
 c - a +0 buckler (worn)
Scrolls
 h - 3 scrolls of identify {unknown}
Potions
 d - a potion of might
 e - a potion of mutation {unknown}
 f - a potion of brilliance {unknown}
 g - a potion of magic {unknown}
 i - 2 potions of attraction {unknown}
 j - a potion of cancellation {unknown}
 k - 2 potions of curing {unknown}


   Skills:
 + Level 4.2 Fighting
 * Level 4.0 Axes
 + Level 4.3 Armour
 + Level 4.3 Shields


You had 3 spell levels left.
You didn't know any spells.
Your spell library was empty.

Dungeon Overview and Level Annotations

Branches:
Dungeon (2/15)

Altars:

Shops:
D:1 :


Innate Abilities, Weirdness & Mutations

You have a pair of horns on your head.
You reflexively headbutt those who attack you in melee.


Message History

The worm barely misses you.
You slash the worm!
You kill the worm!
You see here a jackal corpse.
k - 2 bubbling sapphire potions You see here an adder corpse.
An adder comes into view.
The adder hisses angrily.
The adder bites you but does no damage. The adder barely misses you.
You barely miss the adder. You headbutt the adder.
The adder is lightly wounded.
The adder bites you but does no damage.
You hit the adder. You headbutt the adder!
You kill the adder!
Your Axes skill increases to level 4!
You see here an adder corpse.
Found a stone staircase leading down.
A gnoll comes into view. It is wielding a +0 halberd.
The gnoll shouts!
A gnoll comes into view. It is wielding a +0 spear.
The gnoll shouts!
The gnoll hits you from afar with a +0 halberd!
The gnoll hits you but does no damage. The gnoll hits you with a +0 halberd!
The gnoll closely misses you.
You completely miss the gnoll. You hit the gnoll.
The gnoll hits you with a +0 halberd! The gnoll hits you with a +0 spear.
* * * LOW HITPOINT WARNING * * *
You hit the gnoll.
The gnoll is moderately wounded.
You closely miss the gnoll. The gnoll hits you with a +0 halberd.
* * * LOW HITPOINT WARNING * * *
The gnoll hits you with a +0 spear.
* * * LOW HITPOINT WARNING * * *
You closely miss the gnoll. You headbutt the gnoll.
The gnoll is moderately wounded.
You hit the gnoll. The gnoll barely misses you. You furiously retaliate!
You headbutt the gnoll. The gnoll hits you with a +0 spear.
* * * LOW HITPOINT WARNING * * *
The gnoll hits you but does no damage. The gnoll hits you with a +0 halberd!
You die...

##.####.#.# #......#
#.......#.#### #......#
#.......#.#... ######.#
#......###.......#.#.## ..#.#.#
#................#.#.## #.#<#.#
#.......#....###.#.#...
##.#[#.####.......#..........#..#
..........'...............>###..#
##.......##....g@.#.............#
#.......##....g..##..†.........#
#.......########.....†.........#
##.......# ###..#..).........#
.........# #....#...........##
.#.......# #.##.........######
.........# ##.#########..# #
.........# #........# #..# #
.........## #..#####.# #..# #


You could see 2 gnolls.

Vanquished Creatures
  A gnoll (D:2)
  4 adders (D:2)
  A worm (D:2)
  A dart slug (D:1)
  4 bats
  4 endoplasms
  2 giant cockroaches (D:1)
  4 goblins
  6 jackals
  4 ball pythons (D:1)
  A frilled lizard (D:2)
  2 kobolds
  4 rats
38 creatures vanquished.

Vanquished Creatures (others)
  2 draconians (D:1)
  A gargoyle (D:1)
  2 formicids (D:1)
  A spriggan (D:1)
  2 humans (D:1)
  2 demigods (D:1)
  2 kobolds (D:1)
  5 tentacles (D:1)
17 creatures vanquished.

Grand Total: 55 creatures vanquished

Notes
Turn   | Place    | Note
-------+----------+-------------------------------------------
     0 | D:1      | bmack86 the Minotaur Fighter began the quest for the Orb.
     0 | D:1      | Reached XP level 1. HP: 19/19 MP: 0/0
     0 | D:1      | Noticed a human
     0 | D:1      | Noticed a draconian
     0 | D:1      | Noticed a gargoyle
     0 | D:1      | Noticed a kraken
     0 | D:1      | Noticed a demigod
     0 | D:1      | Noticed a human
     0 | D:1      | Noticed a draconian
     0 | D:1      | Noticed a formicid
     0 | D:1      | Noticed a demigod
     0 | D:1      | Noticed a formicid
     0 | D:1      | Noticed a spriggan
     3 | D:1      | Killed a gargoyle
     3 | D:1      | Killed a formicid
     4 | D:1      | Killed a human
     6 | D:1      | Killed a human
     6 | D:1      | Killed a demigod
     9 | D:1      | Killed a demigod
    10 | D:1      | Killed a draconian
    10 | D:1      | Killed a formicid
    10 | D:1      | Killed a draconian
    11 | D:1      | Killed a spriggan
   135 | D:1      | Found Neasessi's Vocational Training.
   157 | D:1      | Reached XP level 2. HP: 27/27 MP: 1/1
   683 | D:2      | Reached XP level 3. HP: 33/33 MP: 2/2
   822 | D:2      | Reached XP level 4. HP: 38/40 MP: 3/3
   933 | D:2      | Slain by a gnoll

Illustrated notes

Levels and vault maps discovered:
D:1:      nicolae_arrival_kraken_aquarium_a, layout_loops_ring,
          nicolae_shop_vocational
D:2:      layout_basic, uniq_crazy_yiuf_cottage

Skill      XL: |  1  2  3  4 |
---------------+-------------+-----
Axes           | 3 4 |  4.0
Fighting       | 4 |  4.2
Armour         | 4 |  4.3
Shields        | 4 |  4.3

Action                   |  1- 3 |  4- 6 || total
-------------------------+-------+-------++-------
Melee: War axe           |    68 |     9 ||    77
       Headbutt          |     3 |     4 ||     7
Armor: Scale mail        |    35 |     4 ||    39
Dodge: Dodged            |    43 |     7 ||    50
Block: Buckler           |    19 |       ||    19

Table legend: (Time is in decaauts)
 A = Elapsed time spent in this place.
 B = Non-inter-level travel time spent in this place.
 C = Inter-level travel time spent in this place.
 D = Time resting spent in this place.
 E = Time spent auto-exploring this place.
 F = Levels seen in this place.
 G = Mean time per level.
                   A        B        C        D        E       F      G
               +--------+--------+--------+--------+--------+-----+--------+
         Total |    962 |    944 |     18 |      0 |    609 |   2 |  481.0 |
       Dungeon |    962 |    944 |     18 |      0 |    609 |   2 |  481.0 |
               +--------+--------+--------+--------+--------+-----+--------+

Top non-repeatable levels by time:
     D:1: 684 daAuts
     D:2: 277 daAuts
